AoeStats
← schutz

Arabia

509659014Analyzed
1v1 RM · 4d ago on Sep 27, 2026· 13m 34s· 2 players
Game mode
Random Map
Map size
Tiny (2 player)
Population
200
Speed
Normal
Resources
Standard
Victory
Conquest
Starting age
Dark Age
Ending age
Imperial Age
RankedLock teamsTeams togetherTeam positionsShared explorationLock speedFull tech treeHidden civsTurbo modeCheats
Victory
Defeat
🇷🇺 Romans · Russia
1430
+15
🇰🇷 Danes · South Korea
1399
-15
schutz
7:00 Loom
9:18 Feudal Age
9:42 Man-at-Arms
10:10 Double-Bit Axe
11:18 Horse Collar
Egbert
6:16 Loom
9:18 Feudal Age
9:23 Man-at-Arms
10:46 Padded Archer Armor
10:47 Scale Mail Armor
Connection lost

Rejoining the realm…

Still unreachable

The connection could not be restored.

Session expired

The server has moved on; the page needs a fresh start.